 Dungeon Sprint DCSS version 0.21-a0-39-g28ea6b7 (webtiles) character file.

3870 Kidiri the Eclecticist (level 10, -1/62 (63) HPs)
             Began as a Deep Elf Fire Elementalist on May 31, 2017.
             Was a Follower of Vehumet.
             Slain by a death drake (4 damage)
             ... in the Dungeon (Sprint II: "The Violet Keep of Menkaure").
             The game lasted 00:12:57 (1501 turns).

Kidiri the Eclecticist (Deep Elf Fire Elementalist) Turns: 1501, Time: 00:12:59

HP:   -1/62 (63)    AC: 10    Str:  7    XL:     10   Next: 0%
MP:   14/31         EV: 19    Int: 29    God:    Vehumet [*.....]
Gold: 292           SH:  0    Dex: 19    Spells: 22/40 levels left

rFire    + . .     SeeInvis .   s - +1 dagger (venom)
rCold    . . .     Gourm    .   t - +0 buckler
rNeg     . . .     Faith    .   d - +1 leather armour "Gadozoph" {rF+ Dex+4} (curse)
rPois    .         Spirit   .   (no helmet)
rElec    .         Reflect  +   g - +1 cloak
rCorr    .         Harm     .   y - +0 pair of gloves
MR       +....     NoTele   +   j - +0 pair of boots
Stlth    +.........             e - amulet of Pride {Reflect +Blink Str+2 Int+5 SH+3}
Regen    0.0/turn               (no ring)
MPRegen  0.3/turn               (no ring)

@: confused, lethally poisoned (-1 -> -25), flying, non-regenerating, badly
diseased, slowed, very slow
A: no striking features
a: Renounce Religion, Evoke Blink


You were in the Dungeon.
You worshipped Vehumet.
Vehumet was aware of your devotion.
You were not hungry.

You visited 1 branch You collected 1191 gold pieces.
You spent 899 gold pieces at shops.

Inventory:

Hand Weapons
 s - a +1 dagger of venom (weapon)
Armour
 a - a +0 robe
 d - the cursed +1 leather armour "Gadozoph" (worn) {rF+ Dex+4}
   (You bought it in a shop in the Dungeon)

   It affects your dexterity (+4).
   It protects you from fire.
   It has a curse placed upon it.
 g - a +1 cloak (worn)
 j - a +0 pair of boots (worn)
 t - a +0 buckler (worn)
 y - a +0 pair of gloves (worn)
Jewellery
 e - the amulet of Pride (around neck) {Reflect +Blink Str+2 Int+5 SH+3}
   (You bought it in a shop in the Dungeon)

   [amulet of reflection]

   It shields you and reflects attacks.
   It affects your strength (+2).
   It affects your intelligence (+5).
   It lets you blink.
   It affects your SH (+3).
Scrolls
 c - 2 scrolls of fear {unknown}
 h - 3 scrolls of remove curse {unknown}
 i - a scroll of blinking
 m - 3 scrolls of identify {unknown}
 o - a scroll of enchant weapon {unknown}
Potions
 f - 3 potions of haste
 l - 4 potions of magic
 n - 4 potions of flight
 p - a potion of invisibility {unknown}
 u - 2 potions of brilliance {unknown}
 v - 3 potions of resistance {unknown}
 w - a potion of cancellation {unknown}
 A - a potion of agility {unknown}
Books
 b - a book of Flames

   Spells                             Type                      Level
   a - Flame Tongue                   Conjuration/Fire             1
   b - Throw Flame                    Conjuration/Fire             2
   c - Conjure Flame                  Conjuration/Fire             3
   d - Inner Flame                    Hexes/Fire                   3
   e - Sticky Flame                   Conjuration/Fire             4
   f - Fireball                       Conjuration/Fire             5
Comestibles
 k - a meat ration
 q - a fruit
 r - a bread ration
 x - 2 royal jellies


   Skills:
 + Level 7.5 Fighting
 + Level 7.4 Armour
 + Level 10.9 Dodging
 - Level 2.4 Stealth
 * Level 15.6 Spellcasting
 + Level 9.8 Conjurations
 + Level 10.3 Fire Magic


You had 22 spell levels left.
You knew the following spells:

 Your Spells              Type           Power        Failure   Level  Hunger
a - Flame Tongue          Conj/Fire      #####        1%          1    None
b - Throw Flame           Conj/Fire      ######       1%          2    None
c - Conjure Flame         Conj/Fire      ######..     1%          3    None
d - Inner Flame           Hex/Fire       ######..     1%          3    None
e - Sticky Flame          Conj/Fire      ######..     1%          4    None
f - Fireball              Conj/Fire      ######....   2%          5    None


Dungeon Overview and Level Annotations

Branches:
Dungeon (1/1)

Altars:
Cheibriados
Dithmenos
Elyvilon
Fedhas
Gozag
Hepliaklqana
Kikubaaqudgha
Makhleb
Nemelex Xobeh
Okawaru
Qazlal
Ru
Sif Muna
Trog
Uskayaw
Vehumet
Wu Jian
Xom
Yredelemnul
Zin
The Shining One
Beogh
Jiyva
Lugonu

Shops:
D (:[[(=[}%(!!?==:

Annotations:
D exclusion: oklob plant


Message History

The death drake burns!
The death drake bites you. The death drake misses you.
The swamp drake bites you! The death drake barely misses you.
The death drake completely misses you.
Unknown command.
You bump into the closed door.
You are engulfed in noxious fumes.
The death drake burns!
The death drake barely misses you. The death drake breathes miasma at you.
The foul vapour engulfs you!
You are poisoned.
You feel your flesh rotting away!
You feel ill.
You feel yourself slow down.
* * * LOW HITPOINT WARNING * * *
The swamp drake barely misses you.
It was a potion of flight.
You feel very buoyant.
You fly up into the air.
* * * LOW HITPOINT WARNING * * *
You feel very sick.
The death drake burns! x2; The death drake barely misses you.
The death drake bites you.
You die...

#+##..# #. .#)[▓....(.(.▓▓
#.###.#### +.##.#)=▓...[[..[▓▓
.#..#....# .^.####▓.(..)...▓▓
.#.####..## #..##.#▓[..)[..)▓▓
#'###.##..# +..#..#▓...).((.▓▓
#.##.###..# #^.#..#▓.[.[()..▓▓
.<.'##.'..####..##)#▓.......(▓▓
#.##...#....###kk.##▓▓▓▓▓▓▓+▓▓▓▓+
#'###.##..§...≈k@≈≈≈≈≈≈≈≈≈≈...≈≈≈
...####≈≈§....≈#+########+###.≈≈≈
.#..#≈≈≈≈≈≈≈..≈#....._._#§≈≈##≈≈≈
.#.##≈≈≈≈≈≈≈≈.≈#...._._.#§≈≈≈####
#+##≈≈§≈≈≈§≈≈§≈#..._._._#≈≈§≈§##
≈≈≈≈≈≈≈≈≈§§≈≈§§#.._._._.#§§≈§§§#
+#+++#≈§≈§§§§≈≈#._._._._#§§≈§§≈+


zzzz ##≈§≈###§§#_._._._.#≈≈§§§≈# zzz§§§ #≈≈ #§≈#._._._..#§§§§§≈▓ You could see 2
death drakes and a swamp drake.

Vanquished Creatures
  A kraken (D)
  A yaktaur (D)
  A hornet (D)
  3 polar bears (D)
  2 tyrant leeches (D)
  A vampire mosquito (D)
  4 necrophages (D)
  4 crocodiles (D)
  4 worker ants (D)
  3 worms (D)
  3 tentacles (D)
27 creatures vanquished.

Vanquished Creatures (others)
  Menkaure (D)
  A crocodile (D)
  4 tentacles (D)
6 creatures vanquished.

Grand Total: 33 creatures vanquished

Notes
Turn   | Place    | Note
-------+----------+-------------------------------------------
     0 | D        | Kidiri the Deep Elf Fire Elementalist began the quest for the Orb.
     0 | D        | Reached XP level 1. HP: 10/10 MP: 6/6
     1 | D        | Noticed a worker ant
     1 | D        | Noticed a worker ant
     1 | D        | Noticed a worker ant
     1 | D        | Noticed a worker ant
     5 | D        | Noticed a tyrant leech
     5 | D        | Noticed a tyrant leech
     9 | D        | Noticed a necrophage
     9 | D        | Noticed a necrophage
     9 | D        | Noticed a necrophage
     9 | D        | Noticed a necrophage
    21 | D        | Killed a necrophage
    21 | D        | Reached skill level 6 in Spellcasting
    21 | D        | Reached XP level 2. HP: 18/18 MP: 5/11
    21 | D        | Reached XP level 3. HP: 22/22 MP: 5/13
    21 | D        | Reached XP level 4. HP: 27/27 MP: 5/14
    25 | D        | Killed a necrophage
    25 | D        | Reached skill level 5 in Dodging
    25 | D        | Reached skill level 8 in Spellcasting
    25 | D        | Reached skill level 5 in Fire Magic
    25 | D        | Reached XP level 5. HP: 30/32 MP: 2/17
    30 | D        | Killed a necrophage
    30 | D        | Reached skill level 9 in Spellcasting
    30 | D        | Reached skill level 5 in Conjurations
    34 | D        | Killed a necrophage
    35 | D        | Reached XP level 6. HP: 21/37 MP: 12/20
    38 | D        | Learned a level 2 spell: Throw Flame
    42 | D        | Learned a level 3 spell: Conjure Flame
    46 | D        | Learned a level 3 spell: Inner Flame
    51 | D        | Learned a level 4 spell: Sticky Flame
    57 | D        | Learned a level 5 spell: Fireball
    66 | D        | Killed Menkaure
   166 | D        | Reached skill level 10 in Spellcasting
   342 | D        | Killed a tyrant leech
   342 | D        | Reached skill level 11 in Spellcasting
   342 | D        | Reached XP level 7. HP: 43/43 MP: 11/23
   346 | D        | Killed a tyrant leech
   346 | D        | Reached skill level 5 in Fighting
   346 | D        | Reached skill level 5 in Armour
   554 | D        | Reached skill level 12 in Spellcasting
   659 | D        | Noticed a flying skull
   659 | D        | Noticed a flying skull
   659 | D        | Noticed a flying skull
   660 | D        | Noticed a flying skull
   660 | D        | Noticed a flying skull
   660 | D        | Noticed a flying skull
   661 | D        | Noticed a flying skull
   661 | D        | Noticed a flying skull
   661 | D        | Noticed a flying skull
   661 | D        | Noticed a flying skull
   661 | D        | Noticed a flying skull
   661 | D        | Noticed a flying skull
   665 | D        | Found Cuyrisuk's Book Shop.
   666 | D        | Found Zius's Jewellery Shop.
   666 | D        | Found Yxuerir's Magic Scroll Boutique.
   666 | D        | Found Nufulaz's Jewellery Boutique.
   667 | D        | Noticed a vampire mosquito
   671 | D        | Killed a vampire mosquito
   671 | D        | Reached XP level 8. HP: 33/49 MP: 18/26
   673 | D        | Found Bayrhuuc's Distillery.
   673 | D        | Found Huekh's Antique Weapon Boutique.
   673 | D        | Found Womel's Food Shop.
   673 | D        | Found Lekiq's Distillery.
   674 | D        | Found Cymecal's Antique Armour Boutique.
   674 | D        | Found Ysoq Cent's Jewellery Boutique.
   674 | D        | Found Qaedwublui's Gadget Boutique.
   768 | D        | Found Xerergh's Antique Weapon Shop.
   769 | D        | Found Vuadui's Armour Boutique.
   769 | D        | Found Xikkyeno's Antique Armour Shop.
   769 | D        | Noticed a hippogriff
   769 | D        | Noticed a hippogriff
   769 | D        | Noticed a hippogriff
   769 | D        | Noticed an oklob plant
   770 | D        | Found Josieda's Book Shoppe.
   770 | D        | Found Pinof's Antique Weapon Boutique.
   814 | D        | Bought a steaming leather armour for 189 gold pieces
   824 | D        | Identified the cursed +1 leather armour "Gadozoph" {rF+ Dex+4} (You bought it in a shop in the Dungeon)
   826 | D        | Bought the amulet of Pride {Reflect +Blink Str+2 Int+5 SH+3} for 444 gold pieces
   846 | D        | Bought a +1 cloak for 149 gold pieces
   853 | D        | Bought a pair of boots for 117 gold pieces
   888 | D        | Found a roughly hewn altar of Beogh.
   889 | D        | Found a snail-covered altar of Cheibriados.
   890 | D        | Found a shadowy altar of Dithmenos.
   890 | D        | Found a viscous altar of Jiyva.
   891 | D        | Found a white marble altar of Elyvilon.
   891 | D        | Found an ancient bone altar of Kikubaaqudgha.
   892 | D        | Found a blossoming altar of Fedhas.
   892 | D        | Found a corrupted altar of Lugonu.
   892 | D        | Found a deep blue altar of Sif Muna.
   893 | D        | Found an opulent altar of Gozag.
   893 | D        | Found a burning altar of Makhleb.
   893 | D        | Found a bloodstained altar of Trog.
   894 | D        | Found a sparkling altar of Nemelex Xobeh.
   894 | D        | Found a hide-covered altar of Uskayaw.
   895 | D        | Found an iron altar of Okawaru.
   895 | D        | Found a radiant altar of Vehumet.
   895 | D        | Found a glowing silver altar of Zin.
  1005 | D        | Noticed a yaktaur
  1005 | D        | Noticed a hornet
  1005 | D        | Noticed a polar bear
  1006 | D        | Noticed a polar bear
  1011 | D        | Killed a polar bear
  1014 | D        | Noticed a polar bear
  1017 | D        | Killed a hornet
  1017 | D        | Reached skill level 13 in Spellcasting
  1019 | D        | Killed a polar bear
  1023 | D        | Killed a polar bear
  1034 | D        | Killed a yaktaur
  1034 | D        | Reached skill level 14 in Spellcasting
  1034 | D        | Reached XP level 9. HP: 30/55 MP: 2/29
  1148 | D        | Found a basalt altar of Yredelemnul.
  1150 | D        | Found a hazy altar of Hepliaklqana.
  1150 | D        | Found a sacrificial altar of Ru.
  1150 | D        | Found a shimmering altar of Xom.
  1151 | D        | Found a stormy altar of Qazlal.
  1151 | D        | Found an ornate altar of the Wu Jian Council.
  1151 | D        | Found a glowing golden altar of the Shining One.
  1162 | D        | Became a worshipper of Vehumet
  1215 | D        | Noticed a kraken
  1233 | D        | Killed a kraken
  1233 | D        | Reached skill level 10 in Dodging
  1233 | D        | Reached skill level 15 in Spellcasting
  1233 | D        | Reached skill level 10 in Fire Magic
  1427 | D        | Reached * piety under Vehumet
  1427 | D        | Offered knowledge of Magic Dart by Vehumet.
  1438 | D        | Reached XP level 10. HP: 62/62 MP: 26/31
  1482 | D        | Noticed a death drake
  1483 | D        | Noticed a crystal guardian
  1491 | D        | Noticed a death drake
  1501 | D        | HP: 3/62 [poisoned by a death drake (foul vapour)]
  1501 | D        | Slain by a death drake

Vault maps used:
D:        the_violet_keep_of_menkaure

Skill      XL: |  1  2  3  4  5  6  7  8  9 |
---------------+----------------------------+-----
Fighting       | 2 3 4 5 6 7 |  7.5
Armour         | 2 3 4 5 6 7 |  7.4
Dodging        | 4 5 6 7 8 9 10 | 10.9
Spellcasting   | 6 8 9 11 12 14 15 | 15.6
Conjurations   | 3 4 5 6 7 8 9 |  9.8
Fire Magic     | 4 5 6 7 8 9 10 | 10.3
Stealth        | |  2.4

Action                   |  1- 3 |  4- 6 |  7- 9 | 10-12 || total
-------------------------+-------+-------+-------+-------++-------
Melee: Unarmed           |       |       |    10 |       ||    10
       Dagger            |       |       |     3 |     2 ||     5
 Cast: Flame Tongue      |     6 |    24 |    43 |     1 ||    74
       Sticky Flame      |       |     5 |    11 |     2 ||    18
       Conjure Flame     |       |     2 |     4 |       ||     6
       Inner Flame       |       |       |     1 |     1 ||     2
       Throw Flame       |       |       |     3 |     2 ||     5
       Fireball          |       |       |       |     1 ||     1
  Use: Potion            |     3 |     1 |     1 |     2 ||     7
  Eat: Bread ration      |       |       |     1 |       ||     1
Armor: Robe              |       |     1 |       |       ||     1
       Leather armour    |       |       |    14 |     4 ||    18
Dodge: Dodged            |     4 |    18 |    47 |    18 ||    87
Block: Other             |       |       |     4 |       ||     4
       Buckler           |       |       |       |     2 ||     2
